 Dungeon Crawl Stone Soup version 0.29-a0-506-ga2e7fffb44 (webtiles) character file.

Game seed: 9331855688432500046

15 kyalle the Magician (level 2, 0/21 HPs)
             Began as a Djinni Fire Elementalist on May 29, 2022.
             Frozen to death by an endoplasm (7 damage)
             ... on level 1 of the Dungeon.
             The game lasted 00:03:10 (372 turns).

kyalle the Magician (Djinni Fire Elementalist)       Turns: 372, Time: 00:03:11

Health: 0/21       AC:  2    Str:  7    XL:     2   Next: 65%
Gold:   14         EV: 12    Int: 16    God:
                   SH:  0    Dex: 13

rFire   + + .      SeeInvis .   (no weapon)
rCold   x . .      Faith    .   (no shield)
rNeg    . . .      Spirit   +   a - +0 robe
rPois   ∞          Reflect  .   (no helmet)
rElec   .          Harm     .   (no cloak)
rCorr   .          Rampage  .   (no gloves)
Will    .....                   (boots unavailable)
Stlth   ++........              d - amulet of guardian spirit
HPRegen 0.07/turn               (no ring)
MPRegen 0.00/turn               (no ring)

@: flying
A: sickness immunity, fire resistance 2, cold vulnerability 1, float, innate
caster, HP casting, extra vitality 1
a: no special abilities


You were on level 1 of the Dungeon.
You visited 1 branch of the dungeon, and saw 1 of its levels.

You collected 14 gold pieces.

Inventory:

Armour
 a - a +0 robe (worn)
Jewellery
 d - an amulet of guardian spirit (around neck)
Scrolls
 b - a scroll of teleportation {unknown}
 c - 2 scrolls of identify {unknown}
 e - a scroll of noise {unknown}
Potions
 f - a potion of brilliance {unknown}


   Skills:
 + Level 2.6 Dodging
 - Level 1.6 Stealth
 * Level 2.8 Spellcasting


You couldn't memorise any spells.
You knew the following spells:

 Your Spells              Type           Power      Damage    Failure   Level
a - Foxfire               Conj/Fire      44%        2x1d6     6%          1
b - Scorch                Fire           22%        2d6       9%          2
c - Conjure Flame         Conj/Fire      11%        6-21      19%         3
d - Inner Flame           Hex/Fire       11%        N/A       19%         3
e - Flame Wave            Conj/Fire      11%        2d5       52%         4
Your spell library was empty.

Dungeon Overview and Level Annotations

Branches:
Dungeon (1/15)

Altars:


Innate Abilities, Weirdness & Mutations

You are immune to sickness and miasma.
You are immune to poison.
Your flesh is very heat resistant. (rF++)
You are vulnerable to cold. (rC-)
You float through the air rather than walking.
You learn spells naturally, not from books.
Your magical power is your life essence.
You have superior vitality. (+4 MHP)


Message History

You kill the kobold!
The foxfire hits the rat.
You kill the rat!
A giant cockroach comes into view.
A frilled lizard comes into view.
Casting: Foxfire (safe; 6% risk of failure)
Confirm with . or Enter, or press ? or * to list all spells.
You conjure some foxfire!
The frilled lizard hisses angrily.
The endoplasm hits you but does no damage.
The foxfire hits the endoplasm but does no damage.
The foxfire hits the endoplasm.
The endoplasm is moderately wounded.
Casting: Foxfire (safe; 6% risk of failure)
Confirm with . or Enter, or press ? or * to list all spells.
You conjure some foxfire!
The foxfire hits the kobold.
You kill the kobold!
The endoplasm freezes you.
You are frozen.
You feel a terrible chill!
You hit the endoplasm but do no damage.
The endoplasm is moderately wounded.
The foxfire hits the endoplasm.
The endoplasm is heavily wounded.
The endoplasm closely misses you.
Casting: Foxfire (safe; 6% risk of failure)
Confirm with . or Enter, or press ? or * to list all spells.
You conjure some foxfire!
The foxfire hits the giant cockroach.
The giant cockroach is heavily wounded.
The endoplasm hits you.
You hit the endoplasm but do no damage.
The endoplasm is moderately wounded.
The foxfire hits the endoplasm but does no damage.
The endoplasm is moderately wounded.
The giant cockroach barely misses you. The endoplasm hits you.
Casting: Foxfire (safe; 6% risk of failure)
Confirm with . or Enter, or press ? or * to list all spells.
You conjure some foxfire!
The giant cockroach bites you. The frilled lizard misses you.
The endoplasm freezes you.
You are frozen!
You feel a terrible chill!
You die...

#>........#.... ..... #........
#..... .... #........ #..... ...
.##....†. .....#. ..# ...#.....
#......###.#
#....#.###.......##.#
#.)Blv......#....## .##
#J@.#...........###
....###v#.#.............. .
##................##........###
.##.............#.#####........#
.......(..........# ##........##
..................# #.÷.........
#................####...........
#....^.............[...#.#)#####
.#...................##.#...#####


You could see an endoplasm (ally target), a giant cockroach and a frilled lizard
(ally target).

Vanquished Creatures
  A dart slug (D:1)
  An endoplasm (D:1)
  A giant cockroach (D:1)
  A goblin (D:1)
  2 hobgoblins (D:1)
  3 bats (D:1)
  A frilled lizard (D:1)
  3 kobolds (D:1)
  A rat (D:1)
14 creatures vanquished.

Vanquished Creatures (others)
  27 foxfires (D:1)
27 creatures vanquished.

Grand Total: 41 creatures vanquished

Notes
Turn   | Place    | Note
-------+----------+-------------------------------------------
     0 | D:1      | kyalle the Djinni Fire Elementalist began the quest for the
                  | Orb.
     0 | D:1      | Reached XP level 1. HP: 15/15 MP: 0/0
   107 | D:1      | Reached XP level 2. HP: 17/21 MP: 0/0
   372 | D:1      | Frozen to death by an endoplasm

Illustrated notes

Levels and vault maps discovered:
D:1:      dpeg_arrival_court, layout_rooms, minmay_crystal_room

Action                   || total
-------------------------++-------
Melee: Unarmed           ||    11
 Cast: Foxfire           ||    18
Armor: Robe              ||     4
Dodge: Dodged            ||    17

Table legend: (Time is in decaauts)
 A = Elapsed time spent in this place.
 B = Non-inter-level travel time spent in this place.
 C = Inter-level travel time spent in this place.
 D = Time resting spent in this place.
 E = Time spent auto-exploring this place.
 F = Levels seen in this place.
 G = Mean time per level.
                   A        B        C        D        E       F      G
               +--------+--------+--------+--------+--------+-----+--------+
         Total |    372 |    372 |      0 |      0 |    218 |   1 |  372.0 |
       Dungeon |    372 |    372 |      0 |      0 |    218 |   1 |  372.0 |
               +--------+--------+--------+--------+--------+-----+--------+

Top non-repeatable levels by time:
     D:1: 372 daAuts
